 Dungeon Crawl Stone Soup version 0.21-a0-251-g5e8393f (webtiles) character file.

13 roguesci the Charmwright (level 2, 0/24 HPs)
             Began as a Gnoll Skald on Sept 5, 2017.
             Slain by a leopard gecko (1 damage)
             ... on level 1 of the Dungeon.
             The game lasted 00:01:21 (352 turns).

roguesci the Charmwright (Gnoll Skald)               Turns: 352, Time: 00:01:23

Health: 0/24       AC:  3    Str:  7    XL:     2   Next: 37%
Magic:  6/6        EV: 12    Int:  7    God:
Gold:   4          SH:  0    Dex:  7    Spells: 6/7 levels left

rFire    . . .     SeeInvis .   a - +0 hand axe
rCold    . . .     Gourm    .   (no shield)
rNeg     . . .     Faith    .   b - +0 leather armour
rPois    .         Spirit   .   (no helmet)
rElec    .         Reflect  .   (no cloak)
rCorr    .         Harm     .   (no gloves)
MR       .....                  (no boots)
Stlth    +.........             (no amulet)
HPRegen  0.08/turn              (no ring)
MPRegen  0.10/turn              (no ring)

@: no status effects
A: unchanging attributes, fangs 1, strong nose
a: no special abilities


You were on level 1 of the Dungeon.
You were not hungry.

You visited 1 branch of the dungeon, and saw 1 of its levels.

You collected 4 gold pieces.

Inventory:

Hand Weapons
 a - a +0 hand axe (weapon)
Missiles
 e - 14 stones (quivered)
Armour
 b - a +0 leather armour (worn)
Books
 c - a book of Battle

   Spells                             Type                      Level
   a - Infusion                       Charms                       1
   b - Shroud of Golubria             Charms/Translocation         2
   c - Song of Slaying                Charms                       2
   d - Spectral Weapon                Hexes/Charms                 3
   e - Regeneration                   Charms/Necromancy            3
Comestibles
 d - a bread ration
 g - a royal jelly


   Skills:
 * Level 3.1 Fighting
 + Level 2.8 Axes
 * Level 1.5 Armour
 * Level 3.1 Dodging
 + Level 0.6 Stealth
 + Level 3.0 Spellcasting
 + Level 4.2 Charms


You had 6 spell levels left.
You knew the following spells:

 Your Spells              Type           Power        Failure   Level  Hunger
a - Infusion              Chrm           #...         9%          1    ##.....


Dungeon Overview and Level Annotations

Branches:
Dungeon (1/15)

Altars:


Innate Abilities, Weirdness & Mutations

Your physical attributes are unchanging.
You have very sharp teeth.
Your uncanny sense of smell can sniff out nearby items.


Message History

The leopard gecko moves out of view.
No target in view!
No target in view!
You barely miss the leopard gecko. The leopard gecko bites you.
You hit the leopard gecko. Your bite misses the leopard gecko.
The leopard gecko is almost dead.
The leopard gecko bites you. x2
You are too injured to fight recklessly!
You are too injured to fight recklessly!
You are too injured to fight recklessly!
You closely miss the leopard gecko.
The leopard gecko is almost dead.
The leopard gecko bites you.
* * * LOW HITPOINT WARNING * * *
You closely miss the leopard gecko.
The leopard gecko is almost dead.
The leopard gecko bites you.
* * * LOW HITPOINT WARNING * * *
The leopard gecko bites you.
You die...

##.#..#
#........#
#.###.#
.....##.########
##.#.## .. ..##.
#
##.#####........
# #............#
# #..####......#
# #..####.#....#
# #.......l....#
# #.#..##@#..
#.. #...)...#
### ###..####
#######..#####..
#..............#
.....##...###.#.
## #.##
#.......# ####.
##...###.# #....
#..## #.##.


You could see a leopard gecko.

Vanquished Creatures
  A dart slug (D:1)
  A goblin (D:1)
  2 hobgoblins (D:1)
  3 jackals (D:1)
  3 rats (D:1)
10 creatures vanquished.

Notes
Turn   | Place    | Note
-------+----------+-------------------------------------------
     0 | D:1      | roguesci the Gnoll Skald began the quest for the Orb.
     0 | D:1      | Reached XP level 1. HP: 17/17 MP: 4/4
   101 | D:1      | Reached XP level 2. HP: 14/24 MP: 6/6
   352 | D:1      | HP: 1/24 [leopard gecko (5)]
   352 | D:1      | Slain by a leopard gecko

Vault maps used:
D:1:      saegor_arrival_simple_f

Skill      XL: |  1  2 |
---------------+-------+-----
Fighting       | 3 |  3.1
Dodging        | 3 |  3.1
Axes           | |  2.8
Armour         | |  1.5
Stealth        | |  0.6
Spellcasting   | |  3.0
Charms         | |  4.2

Action                   || total
-------------------------++-------
Melee: Hand axe          ||    35
 Cast: Infusion          ||     1
Armor: Leather armour    ||     7
Dodge: Dodged            ||    19

Table legend:
 A = Spawn XP
 B = Non-spawn XP
 C = Spawn XP percentage of total XP
 D = Spawn monster count
 E = Non-spawn monster count
 F = Spawn count percentage of total count
 G = Total turns spent on level
                    A         B        C        D         E        F      G
               +---------+---------+-------+---------+---------+-------+---------
         Total |       0 |      19 |   0.0 |       0 |      10 |   0.0 |   352
               +---------+---------+-------+---------+---------+-------+---------
           D:1 |       0 |      19 |   0.0 |       0 |      10 |   0.0 |   352
               +---------+---------+-------+---------+---------+-------+---------
